 Dungeon Crawl Stone Soup version 0.30.1-4-g462c640d31 (webtiles) character file.

Game seed: 5420242046606592990

5078 Babbit the Basher (level 10, -27/90 (91) HPs)
             Began as a Minotaur Monk on Aug 9, 2023.
             Was a High Priest of Cheibriados.
             Killed by an exploding yak (29 damage)
             ... ignited by their inner flame
             ... on level 9 of the Dungeon on Aug 10, 2023.
             The game lasted 00:46:49 (6415 turns).

Babbit the Basher (Minotaur Monk)                   Turns: 6415, Time: 00:46:49

HP:   -27/90 (91)   AC: 13    Str: 32    XL:     10   Next: 31%
MP:   9/9           EV: 26    Int: 23    God:    Cheibriados [*****.]
Gold: 437           SH:  0    Dex: 27    Spells: 9/9 levels left

rFire   . . .        U - +6 flail
rCold   + + +        d - orb {light}
rNeg    . . .        n - +4 skin of Zhor {*Englaciate rC+++ SInv}
rPois   .            v - +2 hat
rElec   .            P - +0 cloak
rCorr   .            (no gloves)
SInv    +            (no boots)
Will    .....        g - amulet of faith
Stlth   ++           p - +5 ring of evasion
HPRegen 0.35/turn    C - +4 ring of protection
MPRegen 0.11/turn

%: faith
@: glowing, studying Dodging, lightly drained, very slow
A: horns 2, retaliatory headbutt
a: Renounce Religion, Bend Time, Temporal Distortion, Slouch, Step From Time


You were on level 9 of the Dungeon.
You worshipped Cheibriados.
Cheibriados was extremely pleased with you.
You visited 2 branches of the dungeon, and saw 10 of its levels.

You collected 437 gold pieces.

Inventory:

Hand Weapons
 a - a +0 mace
 U - a +6 flail (weapon)
Missiles
 K - 2 boomerangs of dispersal
Armour
 d - an orb of light (worn)
 n - the +4 skin of Zhor (worn) {*Englaciate rC+++ SInv}
   (You found it on level 2 of the Dungeon)

   *Englaciate: It radiates cold, occasionally slowing all nearby creatures who
   are not resistant to cold.
   rC:        It renders you almost immune to cold.
   SInv:      It lets you see invisible.
 t - the +1 leather armour of the Guilds {rPois Dex-2 SInv}
   (You found it on level 3 of the Dungeon)

   Dex:       It affects your dexterity (-2).
   rPois:     It protects you from poison.
   SInv:      It lets you see invisible.
 v - a +2 hat (worn)
 I - a +1 kite shield
 P - a +0 cloak (worn)
Jewellery
 g - an amulet of faith (around neck)
 p - a +5 ring of evasion (left hand)
 q - a ring of ice
 C - a +4 ring of protection (right hand)
 F - a ring of willpower
 G - an amulet of reflection
 L - a ring of see invisible
 T - a +4 ring of slaying
Wands
 b - a wand of charming (10) (quivered)
 u - a wand of digging (5)
 D - a wand of flame (36)
 H - a wand of polymorph (8)
 Q - a wand of iceblast (4)
 R - a wand of mindburst (19)
Scrolls
 h - 3 scrolls of silence
 i - 4 scrolls of magic mapping
 l - a scroll of brand weapon {unknown}
 o - a scroll of blinking
 s - a scroll of enchant armour {unknown}
 x - 3 scrolls of teleportation {unknown}
 y - 2 scrolls of vulnerability {unknown}
 E - 2 scrolls of poison {unknown}
 J - 2 scrolls of fog {unknown}
 M - 2 scrolls of identify
 N - a scroll of fear {unknown}
 O - a scroll of amnesia {unknown}
 S - a scroll of summoning {unknown}
Potions
 c - a potion of ambrosia
 e - 2 potions of attraction
 j - a potion of resistance {unknown}
 k - 7 potions of flight
 r - a potion of brilliance {unknown}
 w - 3 potions of magic
 z - 2 potions of lignification
 A - a potion of might {unknown}
 B - 2 potions of curing


   Skills:
 + Level 9.3 Fighting
 + Level 13.4 Maces & Flails
 + Level 9.4 Dodging
 + Level 3.2 Stealth
 + Level 1.0 Evocations


You had 9 spell levels left.
You didn't know any spells.
Your spell library contained the following spells:

 Spells                   Type           Power      Damage    Failure   Level
 Beastly Appendage        Tmut           0%         N/A       16%         1
 Cigotuvi's Dreadful Rot  Necr/Pois/Air  0%         N/A       24%         2
 Ensorcelled Hibernation  Hex/Ice        0%         N/A       24%         2
 Passwall                 Tmut/Erth      0%         N/A       24%         2
 Wereblood                Tmut           0%         N/A       24%         2
 Dazzling Flash           Conj/Hex       0%         N/A       43%         3
 Gell's Gravitas          Tloc           0%         N/A       43%         3
 Ignite Poison            Fire/Tmut/Pois 0%         N/A       43%         3
 Spider Form              Tmut/Pois      0%         N/A       43%         3
 Swiftness                Air            0%         N/A       43%         3
 Teleport Other           Tloc           0%         N/A       43%         3
 Volatile Blastmotes      Fire/Tloc      0%         2d10      43%         3
 Iskenderun's Mystic Bla  Conj/Tloc      0%         2d3       83%         4
 Freezing Cloud           Conj/Ice/Air   0%         6-21      99%         5
 Conjure Ball Lightning   Conj/Air       0%         3x3d6     100%        6
 Dispersal                Tloc           0%         N/A       100%        6
 Starburst                Conj/Fire      0%         6d3       100%        6
 Discord                  Hex            0%         N/A       100%        8
 Disjunction              Tloc           0%         N/A       100%        8


Dungeon Overview and Level Annotations

Branches:
Dungeon (9/15)             Temple (1/1) D:4            Lair (0/5) D:8
    Orc (0/2) D:9

Altars:
Ashenzari
Cheibriados
Dithmenos
Elyvilon
Fedhas
Gozag
Hepliaklqana
Kikubaaqudgha
Makhleb
Nemelex Xobeh
Okawaru
Qazlal
Ru
Sif Muna
Trog
Uskayaw
Vehumet
Wu Jian
Xom
Yredelemnul
Zin
The Shining One


Innate Abilities, Weirdness & Mutations

You have a pair of horns on your head.
You reflexively headbutt those who attack you in melee.


Message History

Cheibriados appreciates the change of pace.
The yak explodes!
The fiery explosion engulfs the wight!!!
Cheibriados thoroughly appreciates the change of pace.
The fiery explosion engulfs you!!
The fiery explosion engulfs the yak!!!
Cheibriados appreciates the change of pace.
The fiery explosion engulfs the yak!!
Flame seeps out of the yak.
The yak is heavily wounded.
The yak explodes!
The fiery explosion engulfs the yak!!
Cheibriados appreciates the change of pace.
The yak explodes!
The fiery explosion engulfs the yak!!
Flame seeps out of the yak.
The yak is severely wounded.
The fiery explosion engulfs you!
The fiery explosion engulfs the wight!!
Cheibriados appreciates the change of pace.
The wight explodes!
The fiery explosion engulfs the yak!!!
Cheibriados appreciates the change of pace.
The yak explodes!
The fiery explosion engulfs the wight!!
Cheibriados thoroughly appreciates the change of pace.
The wight explodes!
The fiery explosion engulfs the yak!
Flame seeps out of the yak.
The yak is heavily wounded.
The fiery explosion engulfs the yak!!
Flame seeps out of the yak.
The yak is severely wounded.
The fiery explosion engulfs you!!
* * * LOW HITPOINT WARNING * * *
The wight explodes!
The fiery explosion engulfs the yak!!!
Cheibriados appreciates the change of pace.
Cheibriados raises the support of your attributes as your movement slows.
The fiery explosion engulfs you!
* * * LOW HITPOINT WARNING * * *
The yak explodes!
The fiery explosion engulfs the yak!!
Cheibriados appreciates the change of pace.
The fiery explosion engulfs you!!
You die...

...............
#..............
..............#
#..........#...
#.........#....
#.....§§§§.....
.#....§§§§§.....
..8....§§§§§§....
#.....+....§§@○§§....
#..⌠..8....§§§§§§....
#.....#..............
#.....#..............
#>._.8#..............
#.....#....[)).......
...#.....#......(.......
...#..⌠.)8........)....(
...#....))).............


There were no monsters in sight!

Vanquished Creatures
  Joseph (D:8)
  Maurice (D:8)
  7 yaks (D:9)
  A steam dragon (D:8)
  A water moccasin (D:6)
  4 orc warriors
  An ice beast (D:5)
  3 black bears
  3 centaurs
  A phantom (D:6)
  A kobold brigand (D:6)
  2 bullfrogs
  3 gnoll sergeants
  5 scorpions
  15 wights
  8 killer bees
  A howler monkey (D:5)
  2 hounds
  9 orc priests
  2 sleepcaps
  2 gnoll boudas
  An iguana (D:5)
  9 orc wizards
  Ijyb (D:4)
  Terence (D:3)
  24 gnolls
  8 adders
  A shadow imp (D:8)
  2 white imps
  3 ufetubi
  2 worms
  The ghost of gdog the Covert, a weakling GnDe (D:6)
  4 dart slugs
  26 orcs
  5 ball pythons
  5 endoplasms
  2 giant cockroaches
  14 goblins
  7 hobgoblins
  2 jackals (D:2)
  15 kobolds
  2 quokkas
  5 bats
  A frilled lizard (D:3)
  3 rats
217 creatures vanquished.

Vanquished Creatures (collateral kills)
  An orc warrior (D:9)
  An orc priest (D:9)
  6 orcs (D:9)
8 creatures vanquished.

Vanquished Creatures (others)
  A yak (D:9)
  A gnoll (D:5)
2 creatures vanquished.

Grand Total: 227 creatures vanquished

Notes
Turn   | Place    | Note
-------+----------+-------------------------------------------
     0 | D:1      | Babbit the Minotaur Monk began the quest for the Orb.
     0 | D:1      | Reached XP level 1. HP: 19/19 MP: 0/0
    73 | D:1      | Reached XP level 2. HP: 9/27 MP: 1/1
   164 | D:1      | Reached skill level 4 in Maces & Flails
   392 | D:1      | Found a faded altar of an unknown god.
   808 | D:2      | Reached XP level 3. HP: 26/33 MP: 2/2
   988 | D:2      | Found the +4 skin of Zhor {*Englaciate rC+++ SInv}
  1101 | D:2      | Reached XP level 4. HP: 41/41 MP: 3/3
  1437 | D:3      | Noticed Terence
  1442 | D:3      | Killed Terence
  1443 | D:3      | Reached skill level 5 in Maces & Flails
  1472 | D:3      | Found a faded altar of an unknown god.
  1544 | D:3      | Found a radiant altar of Vehumet.
  1740 | D:3      | Reached XP level 5. HP: 46/47 MP: 4/4
  1829 | D:3      | Reached skill level 6 in Maces & Flails
  1893 | D:3      | Identified the +1 leather armour of the Guilds {rPois Dex-2
                  | SInv}
  2056 | D:4      | Noticed Ijyb
  2073 | D:4      | Killed Ijyb
  2139 | D:4      | Reached skill level 5 in Fighting
  2139 | D:4      | Reached XP level 6. HP: 56/56 MP: 5/5
  2441 | D:4      | Found a staircase to the Ecumenical Temple.
  2450 | Temple   | Entered the Ecumenical Temple
  2516 | Temple   | Became a worshipper of Cheibriados the Contemplative
  2516 | Temple   | Reached * piety under Cheibriados
  2516 | Temple   | Reached ** piety under Cheibriados
  2729 | D:4      | Reached skill level 7 in Maces & Flails
  2890 | D:4      | Reached skill level 5 in Dodging
  3111 | D:5      | Entered Level 5 of the Dungeon
  3120 | D:5      | Reached XP level 7. HP: 61/61 MP: 6/6
  3126 | D:5      | Reached skill level 1 in Stealth
  3176 | D:5      | Reached skill level 8 in Maces & Flails
  3428 | D:5      | Reached XP level 8. HP: 69/70 MP: 7/7
  3429 | D:5      | Reached skill level 9 in Maces & Flails
  3430 | D:5      | Reached *** piety under Cheibriados
  3573 | D:5      | Found a white marble altar of Elyvilon.
  4113 | D:6      | Reached skill level 10 in Maces & Flails
  4122 | D:6      | Found a glowing golden altar of the Shining One.
  4122 | D:6      | Found an ancient bone altar of Kikubaaqudgha.
  4267 | D:6      | Noticed gdog's ghost (weakling GnDe)
  4306 | D:6      | Found a transporter.
  4313 | D:6      | Found a transporter.
  4326 | D:6      | Killed gdog's ghost
  4371 | D:6      | Reached **** piety under Cheibriados
  4640 | D:6      | Reached XP level 9. HP: 70/79 MP: 8/8
  4790 | D:6      | Reached skill level 11 in Maces & Flails
  4794 | D:6      | Upgraded the game from 0.30.1-3-gfc49f6343a to
                  | 0.30.1-4-g462c640d31
  4973 | D:7      | Found an opulent altar of Gozag.
  5037 | D:7      | Found a stormy altar of Qazlal.
  5038 | D:7      | Found a shimmering blue altar of Sif Muna.
  5425 | D:8      | Found a staircase to the Lair.
  5431 | D:8      | Noticed Maurice
  5475 | D:8      | Killed Maurice
  5476 | D:8      | Reached skill level 12 in Maces & Flails
  5621 | D:8      | Reached ***** piety under Cheibriados
  5704 | D:8      | Noticed Joseph
  5719 | D:8      | Killed Joseph
  5720 | D:8      | Reached skill level 13 in Maces & Flails
  5720 | D:8      | Reached skill level 1 in Evocations
  5720 | D:8      | Reached XP level 10. HP: 34/91 MP: 9/9
  6282 | D:9      | Found a staircase to the Orcish Mines.
  6415 | D:9      | HP: 2/90 [spore (17)]
  6415 | D:9      | Killed by an exploding yak... ignited by their inner flame

Illustrated notes

Levels and vault maps discovered:
D:1:      saegor_arrival_fortress, layout_basic,
          dreamdust_ecumenical_altar_angels_and_demons
D:2:      layout_rooms
D:3:      layout_basic, nicolae_overflow_ecumenical_swirl, uniq_terence
D:4:      layout_loops_ring, minmay_temple_entry_drinking_statues,
          minmay_misc_feat_encased, amethyst_killhole, hangedman_decor_growths,
          mrwooster_statue_mirror, amcnicky_mini_pool_small,
          kennysheep_generic_room_12, uniq_ijyb
D:5:      layout_loops_ring, kennysheep_mini_moat, bh_walls_and_bars
D:6:      layout_rooms, gammafunk_temple_overflow_statue,
          gammafunk_ghost_gnarly_gnolls, serial_park_tiny_pond,
          chequers_serial_rivers_small_3
D:7:      layout_rooms, grunt_gozag_statues, grunt_temple_overflow_open
D:8:      layout_cave_pools, lair_entry_dummy, serial_column_ruins,
          column_ruins_hut, column_ruins_circle_medium, column_ruins_grid_1,
          column_ruins_corridor_corner, column_ruins_columns_corner,
          minmay_crystal_room, hangedman_decor_push, uniq_joseph, uniq_maurice
D:9:      layout_cross, david_orc_5, chequers_jeans, nicolae_diode_quadrants
Temple:   bh_familiar_temple

Skill      XL: |  1  2  3  4  5  6  7  8  9 |
---------------+----------------------------+-----
Maces & Flails | 4 5 6 7 8 10 13 | 13.4
Fighting       | 4 5 6 7 9 |  9.3
Dodging        | 4 5 6 9 |  9.4
Stealth        | 1 3 |  3.2
Evocations     | 1 |  1.0

Action                     |  1- 3 |  4- 6 |  7- 9 | 10-12 || total
---------------------------+-------+-------+-------+-------++-------
  Melee: Mace              |    69 |   149 |    94 |       ||   312
         Headbutt          |    13 |    30 |    66 |    16 ||   125
         Flail             |       |       |   126 |    51 ||   177
  Evoke: Wand              |       |       |     5 |     3 ||     8
    Use: Scroll            |     3 |     3 |     3 |     3 ||    12
         Potion            |       |       |     1 |       ||     1
   Stab: Distracted        |       |       |       |     1 ||     1
 Armour: Robe              |     9 |       |       |       ||     9
         Animal skin       |     4 |    20 |    49 |     5 ||    78
  Dodge: Dodged            |    45 |   134 |   189 |    41 ||   409
